 Dungeon Crawl Stone Soup version 0.25.1-8-g42b30a86e7 (webtiles) character file.

Game seed: 3042742201840792635

17585 hawla the Destroyer (level 12, -1/88 HPs)
             Began as a Black Draconian Conjurer on Dec 8, 2020.
             Was a High Priest of Vehumet.
             Slain by a vampire (12 damage)
             ... on level 12 of the Dungeon on Dec 9, 2020.
             The game lasted 01:04:24 (19729 turns).

hawla the Destroyer (Black Draconian Conjurer)     Turns: 19729, Time: 01:04:25

Health: -1/88      AC: 13    Str: 11    XL:     12   Next: 20%
Magic:  1/24       EV: 14    Int: 22    God:    Vehumet [*****.]
Gold:   1006       SH:  0    Dex: 14    Spells: 7/33 levels left

rFire    + + .     SeeInvis .   v - +0 lajatang
rCold    . . .     Gourm    .   (shield currently unavailable)
rNeg     . . .     Faith    .   (armour unavailable)
rPois    .         Spirit   .   r - +2 hat
rElec    +         Reflect  .   s - +2 cloak
rCorr    .         Harm     .   (no gloves)
MR       +....                  (no boots)
Stlth    +++.......             (no amulet)
HPRegen  0.24/turn              x - ring of protection from magic
MPRegen  0.19/turn              i - ring of protection from fire

@: very slightly contaminated, hasted, very quick
A: breathe lightning, unfitting armour, agile 1, clever 1, fire resistance 1,
low mp 1, electricity resistance, cold-blooded, AC +8
a: Breathe Lightning, Renounce Religion


You were on level 12 of the Dungeon.
You worshipped Vehumet.
Vehumet was extremely pleased with you.
You were not hungry.

You visited 2 branches of the dungeon, and saw 14 of its levels.
You also visited: Bailey.

You collected 1007 gold pieces.
You spent 1 gold pieces at shops.

Inventory:

Hand Weapons
 g - the +2 short sword of Nemelex Xobeh's Esteem {flame, rF+ Stlth+}
   (You found it in a bailey)

   It has been specially enchanted to burn those struck by it, causing extra
   injury to most foes and up to half again as much damage against particularly
   susceptible opponents.
   It protects you from fire.
   It makes you more stealthy.
 v - a +0 lajatang (weapon)
Missiles
 k - 25 boomerangs (quivered)
 D - 5 poisoned darts
Armour
 r - a +2 hat (worn)
 s - a +2 cloak (worn)
Magical Staves
 o - an uncursed staff of poison
Jewellery
 i - a ring of protection from fire (right hand)
 p - a +6 ring of strength
 q - an uncursed ring of resist corrosion
 x - a ring of protection from magic (left hand)
 y - a +4 ring of evasion
 E - an uncursed ring of wizardry
Wands
 f - a wand of acid (7)
 n - a wand of paralysis (19)
 u - a wand of polymorph (8)
Scrolls
 d - a scroll of fear
 e - 2 scrolls of magic mapping
 h - 8 scrolls of identify
 j - 5 scrolls of remove curse
 w - 3 scrolls of enchant armour
 C - 3 scrolls of fog
Potions
 a - 2 potions of curing
 c - a potion of stabbing
 m - a potion of brilliance
 B - 3 potions of cancellation
Comestibles
 b - 22 rations
 t - 5 chunks of flesh


   Skills:
 + Level 2.9 Fighting
 + Level 3.8 Staves
 + Level 3.9 Dodging
 + Level 4.1 Stealth
 + Level 11.1 Spellcasting
 + Level 11.5 Conjurations
 + Level 6.9 Translocations
 + Level 2.0 Fire Magic
 + Level 1.0 Air Magic
 + Level 4.9 Earth Magic
 + Level 1.2 Poison Magic


You had 7 spell levels left.
You knew the following spells:

 Your Spells              Type           Power        Failure   Level  Hunger
a - Magic Dart            Conj           ####         1%          1    None
b - Searing Ray           Conj           ######       1%          2    None
c - Iskenderun's Mystic   Conj/Tloc      ######..     1%          4    #......
d - Mephitic Cloud        Conj/Pois/Air  ####....     1%          3    None
e - Teleport Other        Tloc           #####...     1%          3    None
f - Blink                 Tloc           N/A          1%          2    None
g - Iron Shot             Conj/Erth      #####.....   8%          6    ######.
h - Fireball              Conj/Fire      #####.....   2%          5    ####...

Your spell library contained the following spells:

 Spells                   Type           Power        Failure   Level  Hunger
 Dazzling Flash           Conj/Hex       #####.       1%          3    None
 Fulminant Prism          Conj/Hex       #####.....   1%          4    #......
 Passage of Golubria      Tloc           N/A          3%          4    #......
 Portal Projectile        Hex/Tloc       ####..       4%          3    None
 Recall                   Summ/Tloc      N/A          4%          3    None
 Summon Small Mammal      Summ           ##..         5%          1    None
 Call Imp                 Summ           ##......     9%          2    None
 Call Canine Familiar     Summ           ##......     16%         3    None
 Summon Guardian Golem    Hex/Summ       ##......     16%         3    None
 Summon Lightning Spire   Summ/Air       ##......     41%         4    #......
 Summon Ice Beast         Ice/Summ       ##......     47%         4    #......


Dungeon Overview and Level Annotations

Branches:
Dungeon (13/15)            Temple (1/1) D:7            Lair (0/6) D:9
    Orc (0/2) D:12         Bailey (visited)
 Vaults: D:13-14

Altars:
Ashenzari
Cheibriados
Dithmenos
Elyvilon
Fedhas
Gozag
Hepliaklqana
Kikubaaqudgha
Makhleb
Nemelex Xobeh
Okawaru
Qazlal
Ru
Sif Muna
Trog
Uskayaw
Vehumet
Wu Jian
Xom
Yredelemnul
Zin
The Shining One

Shops:
D:5 *


Innate Abilities, Weirdness & Mutations

You can breathe wild blasts of lightning.
Your glossy black scales are hard. (AC +8)
You cannot fit into any form of body armour.
You are resistant to electric shocks. (rElec)
You are cold-blooded and may be slowed by cold attacks.
You are agile. (Dex +2)
Your mind is acute. (Int +2)
Your flesh is heat resistant. (rF+)
Your magical capacity is low. (-10% MP)


Message History

Confirm with . or Enter, or press ? or * to list all spells.
You can't see any susceptible monsters within range! (Use Z to cast anyway.)
Casting: Iron Shot (dangerous; 8% risk of failure)
Confirm with . or Enter, or press ? or * to list all spells.
You erupt in a blast of force!
The mystic blast hits something but does no damage.
Something hits you but does no damage. Something bites you!
* * * LOW HITPOINT WARNING * * *
Something draws strength from your injuries!
Okay, then.
You feel better. Something hits you but does no damage. Something bites you.
* * * LOW HITPOINT WARNING * * *
Something draws strength from your injuries!
You feel yourself speed up. Something hits you!
* * * LOW HITPOINT WARNING * * *
Something bites you!
* * * LOW HITPOINT WARNING * * *
Something draws strength from your injuries!
You feel better. Something hits you!
You die...

)....#######.........#
.....# ###.#######
'##### #..# ...####
##.# ##....# #.#
####.## #.# #.....#
#.## #.....# #..#
##.....# ##@# .#.....#
#.# ##.....# #.#
##.<...# #.# .#..^..#
#.# .####.## #.#
###...# #.## ###.###
#..# #....### ##.#


There were no monsters in sight!

Vanquished Creatures
  Harold (D:7)
  A hydra (D:12)
  2 two-headed ogres
  An unseen horror (D:12)
  An orc knight (Bailey)
  An ugly thing (D:12)
  A cyclops (D:13)
  A gargoyle (D:10)
  A komodo dragon (D:12)
  An efreet (D:13)
  2 trolls
  A merfolk (D:10)
  Grinder (D:4)
  Sigmund (D:2)
  15 yaks
  A wyvern (D:10)
  A basilisk (D:12)
  5 hungry ghosts
  A soldier ant (D:12)
  Duvessa (D:6)
  3 black bears
  11 orc warriors
  3 ice beasts
  3 sky beasts
  3 phantoms
  10 ogres
  4 wolves (D:9)
  4 centaurs
  A big kobold (D:10)
  7 bullfrogs
  2 water moccasin zombies
  Dowan (D:6)
  3 scorpions
  3 troll zombies (D:12)
  6 killer bees (D:10)
  17 wights
  2 howler monkeys
  2 electric eels (D:9)
  3 crimson imps
  A quasit (D:10)
  3 bullfrog zombies
  13 orc priests
  12 hounds
  A bullfrog skeleton (D:12)
  4 jellies
  Crazy Yiuf (D:4)
  2 centaur skeletons
  Ijyb (D:4)
  Natasha (thrice) (D:2)
  4 iguanas
  6 orc wizards
  14 worker ants
  3 ogre zombies (D:12)
  A hound skeleton (D:8)
  A worker ant zombie (D:10)
  7 gnolls
  A howler monkey skeleton (D:10)
  11 adders
  4 shadow imps
  An ooze (D:3)
  4 adder skeletons
  3 worms
  2 dart slugs
  5 leopard geckos
  69 orcs
  4 ball pythons
  10 bats
  4 giant cockroaches
  16 goblins
  11 hobgoblins
  16 jackals
  4 quokkas
  3 frilled lizards
  5 goblin zombies (D:12)
  A hobgoblin skeleton (D:12)
  4 hobgoblin zombies (D:12)
  25 kobolds
  A leopard gecko skeleton (D:9)
  An orc skeleton (D:12)
  8 orc zombies (D:12)
  A quokka skeleton (D:9)
  11 rats
430 creatures vanquished.

Notes
Turn   | Place    | Note
-------+----------+-------------------------------------------
     0 | D:1      | hawla the Draconian Conjurer began the quest for the Orb.
     0 | D:1      | Reached XP level 1. HP: 14/14 MP: 3/3
   345 | D:1      | Reached XP level 2. HP: 14/20 MP: 1/5
   968 | D:1      | Reached XP level 3. HP: 26/26 MP: 2/7
  1692 | D:2      | Found a radiant altar of Vehumet.
  1694 | D:2      | Found a sparkling altar of Nemelex Xobeh.
  1768 | D:2      | Learned a level 2 spell: Searing Ray
  1916 | D:2      | Noticed Natasha
  1923 | D:2      | Killed Natasha
  1923 | D:2      | Reached XP level 4. HP: 10/33 MP: 1/9
  2218 | D:2      | Noticed Natasha
  2392 | D:2      | Found a burning altar of Makhleb.
  2555 | D:2      | Noticed Sigmund
  2852 | D:2      | Killed Sigmund
  2852 | D:2      | Reached skill level 5 in Conjurations
  2852 | D:2      | Reached XP level 5. HP: 20/38 MP: 4/11
  2852 | D:2      | Reached XP level 6. HP: 24/45 MP: 4/12
  3220 | D:2      | Killed Natasha
  3285 | D:2      | Noticed Natasha
  3288 | D:2      | Killed Natasha
  3432 | D:2      | Became a worshipper of Vehumet
  3594 | D:3      | Learned a level 4 spell: Iskenderun's Mystic Blast
  3891 | D:3      | Reached skill level 1 in Translocations
  4027 | D:3      | Reached * piety under Vehumet
  4027 | D:3      | Offered knowledge of Shock by Vehumet.
  4414 | D:3      | Found an opulent altar of Gozag.
  4422 | D:3      | Reached skill level 5 in Spellcasting
  4635 | D:3      | Your scales start taking on a glossy black colour.
  4635 | D:3      | Reached XP level 7. HP: 50/50 MP: 7/14
  4635 | D:3      | Gained mutation: You are resistant to electric shocks.
                  | (rElec) [Black Draconian growth]
  5065 | D:4      | Found a white marble altar of Elyvilon.
  5229 | D:4      | Noticed Ijyb
  5232 | D:4      | Killed Ijyb
  5561 | D:4      | Noticed Grinder
  5573 | D:4      | Killed Grinder
  5594 | D:4      | Reached XP level 8. HP: 48/57 MP: 5/16
  5699 | D:4      | Reached skill level 5 in Translocations
  5702 | D:4      | Reached ** piety under Vehumet
  5702 | D:4      | Offered knowledge of Foxfire by Vehumet.
  5978 | D:4      | Found a runed translucent door.
  5979 | D:4      | Noticed Crazy Yiuf
  6187 | D:4      | Killed Crazy Yiuf
  6262 | D:5      | Entered Level 5 of the Dungeon
  6720 | D:5      | Found Fych's Lightly-Used Armoury.
  6751 | D:5      | Bought a -3 lajatang for 1 gold piece
  7026 | D:5      | Found a stormy altar of Qazlal.
  7026 | D:5      | Found a basalt altar of Yredelemnul.
  7027 | D:5      | Found a bloodstained altar of Trog.
  7624 | D:6      | Noticed Duvessa
  7626 | D:6      | Noticed Dowan
  7644 | D:6      | Killed Duvessa
  7645 | D:6      | Killed Dowan
  8048 | D:6      | Reached XP level 9. HP: 61/63 MP: 17/19
  8587 | D:7      | Found a staircase to the Ecumenical Temple.
  8597 | Temple   | Entered the Ecumenical Temple
  8970 | D:7      | Noticed Harold
  8988 | D:7      | Killed Harold
  8988 | D:7      | Reached skill level 1 in Fighting
  8988 | D:7      | Reached skill level 1 in Staves
  9110 | D:7      | Noticed a troll
  9779 | D:7      | Found a hide-covered altar of Uskayaw.
  9879 | D:7      | Offered knowledge of Conjure Flame by Vehumet.
 10047 | D:7      | Found an ornate altar of the Wu Jian Council.
 10315 | D:8      | Reached *** piety under Vehumet
 10906 | D:8      | Reached XP level 10. HP: 73/73 MP: 8/22
 10906 | D:8      | Offered knowledge of Mephitic Cloud by Vehumet.
 11348 | D:8      | Learned a level 3 spell: Mephitic Cloud
 11974 | D:9      | Reached **** piety under Vehumet
 12349 | D:9      | Offered knowledge of Sticky Flame by Vehumet.
 12540 | D:9      | Found a shattered altar of Ashenzari.
 12638 | D:9      | Found a staircase to the Lair.
 13085 | D:9      | Reached skill level 1 in Poison Magic
 13364 | D:9      | Reached skill level 10 in Conjurations
 13425 | D:10     | Entered Level 10 of the Dungeon
 13647 | D:10     | Reached skill level 1 in Air Magic
 13706 | D:10     | Found a flagged portal.
 13888 | Bailey   | Entered a bailey
 14003 | Bailey   | Noticed an orc knight
 14007 | Bailey   | Reached skill level 10 in Spellcasting
 14023 | Bailey   | Killed an orc knight
 14023 | Bailey   | Reached XP level 11. HP: 81/81 MP: 6/25
 14192 | Bailey   | Reached ***** piety under Vehumet
 14193 | Bailey   | Offered knowledge of Yara's Violent Unravelling by Vehumet.
 14352 | Bailey   | Got a fine short sword
 14353 | Bailey   | Identified the cursed +2 short sword of Nemelex Xobeh's
                  | Esteem {flame, rF+ Stlth+} (You found it in a bailey)
 15239 | D:10     | Noticed a two-headed ogre
 15247 | D:10     | Killed a two-headed ogre
 15682 | D:11     | Identified a scroll of acquirement
 15683 | D:11     | Acquired the Grimoire of Translocation and Battle Magic
 15689 | D:11     | Learned a level 3 spell: Teleport Other
 15692 | D:11     | Learned a level 2 spell: Blink
 15699 | D:11     | Learned a level 6 spell: Iron Shot
 16104 | D:11     | Reached skill level 1 in Earth Magic
 16393 | D:11     | Noticed a two-headed ogre
 16400 | D:11     | Killed a two-headed ogre
 16777 | D:12     | Noticed a six-headed hydra
 16786 | D:12     | Killed a six-headed hydra
 17097 | D:12     | Offered knowledge of Fireball by Vehumet.
 17108 | D:12     | Learned a level 5 spell: Fireball
 17364 | D:12     | Noticed a brown ugly thing
 17380 | D:12     | Killed a brown ugly thing
 17561 | D:12     | Gained mutation: Your flesh is heat resistant. (rF+)
                  | [potion of mutation]
 17561 | D:12     | Gained mutation: You are agile. (Dex +2) [potion of
                  | mutation]
 17561 | D:12     | Gained mutation: Your magical capacity is low. (-10% MP)
                  | [potion of mutation]
 17561 | D:12     | Gained mutation: Your mind is acute. (Int +2) [potion of
                  | mutation]
 18095 | D:12     | Found a staircase to the Orcish Mines.
 18185 | D:12     | Killed an unseen horror
 18185 | D:12     | Reached skill level 1 in Fire Magic
 18572 | D:12     | Reached XP level 12. HP: 85/88 MP: 12/24
 19728 | D:12     | HP: 2/88 [something (14)]
 19729 | D:12     | Slain by a vampire

Illustrated notes

Levels and vault maps discovered:
D:1:      giann_forest_graveyard, layout_basic, minmay_hexomino_u4
D:2:      layout_loops_corners, grunt_temple_overflow_open,
          makhleb_heckhound_becter, uniq_sigmund, uniq_natasha
D:3:      layout_loops_ring, first_ration, nicolae_gozag_seed_capital
D:4:      layout_loops_cross, old_standard_altar, lemuel_old_faithful,
          uniq_ijyb, uniq_grinder, uniq_crazy_yiuf_cottage
D:5:      layout_loops_ring, chequers_temple_overflow_statue_of_worship,
          minmay_shop_damaged
D:6:      layout_loops_cross, uniq_duvessa
D:7:      layout_loops_corners, eat_drink_and_be_merry_uskayaw,
          nicolae_overflow_hidden_temple, temple_statues,
          grunt_decor_resistance, lightli_corner_chamber, uniq_harold
D:8:      layout_rooms
D:9:      layout_basic, marbit_many_paths, erik_lair_island
D:10:     layout_irregular_city, enter_bailey_2, hangedman_fish_farm
D:11:     layout_long_grid
D:12:     layout_roguey [special_room_orc], zombieorc1_lemuel
D:13:     layout_irregular_city, kennysheep_potato, uniq_rupert, uniq_jorgrun
Temple:   nicolae_temple_figure_eight

Skill      XL: |  1  2  3  4  5  6  7  8  9 10 11 12 |
---------------+-------------------------------------+-----
Spellcasting   | 3 4 5 7 8 10 11 | 11.1
Conjurations   | 5 6 7 8 10 11 | 11.5
Translocations | 2 4 6 |  6.9
Dodging        | 2 3 |  3.9
Stealth        | 2 3 4 |  4.1
Fighting       | 2 |  2.9
Staves         | 2 3 |  3.8
Poison Magic   | 1 |  1.2
Air Magic      | 1 |  1.0
Earth Magic    | 4 |  4.9
Fire Magic     | 1 2 |  2.0

Action                   |  1- 3 |  4- 6 |  7- 9 | 10-12 || total
-------------------------+-------+-------+-------+-------++-------
Melee: Whip              |    60 |    17 |     7 |       ||    84
       Tailslap          |     1 |     2 |     2 |     6 ||    11
       Lajatang          |       |       |    12 |    46 ||    58
Throw: Boomerang         |       |       |       |     1 ||     1
 Cast: Magic Dart        |    69 |    52 |    98 |   214 ||   433
       Searing Ray       |     3 |    31 |    75 |   168 ||   277
       Iskenderun's Myst |       |     1 |    21 |    68 ||    90
       Mephitic Cloud    |       |       |       |     8 ||     8
       Fireball          |       |       |       |     5 ||     5
       Teleport Other    |       |       |       |     4 ||     4
       Iron Shot         |       |       |       |     5 ||     5
       Blink             |       |       |       |     1 ||     1
 Abil: Breathe Lightning |       |       |     2 |     6 ||     8
Evoke: Wand              |       |       |       |     3 ||     3
  Use: Scroll            |     4 |     3 |    18 |     8 ||    33
       Potion            |       |     1 |     4 |    13 ||    18
  Eat: Chunk             |     3 |    10 |    18 |    30 ||    61
       Ration            |       |       |     1 |     2 ||     3
Armor: Skin              |    32 |    31 |    22 |   119 ||   204
Dodge: Dodged            |    81 |    39 |    56 |   148 ||   324
